 Dungeon Crawl Stone Soup version 0.30-a0-639-g3916f1956a (webtiles) character file.

Game seed: 12002870130123238949

405 Mitcholas the Shooter (level 6, 0/36 HPs)
             Began as a Deep Elf Hunter on Jan 16, 2023.
             Killed by nerve-wracking pain
             ... invoked by Grinder
              (11 damage)
             ... on level 5 of the Dungeon.
             The game lasted 00:07:06 (2796 turns).

Mitcholas the Shooter (Deep Elf Hunter)             Turns: 2796, Time: 00:07:07

Health: 0/36       AC:  4    Str: 14    XL:     6   Next: 56%
Magic:  8/8        EV: 14    Int: 14    God:
Gold:   156        SH:  0    Dex: 20    Spells: 5/5 levels left

rFire   . . .      SeeInvis .    a - +0 shortbow
rCold   . . .      Faith    .    (shield currently unavailable)
rNeg    . . .      Spirit   .    c - +0 leather armour
rPois   .          Reflect  .    (no helmet)
rElec   .          Harm     .    (no cloak)
rCorr   .          Rampage  .    f - +0 pair of gloves
Will    .....                    (no boots)
Stlth   +++                      j - amulet of regeneration
HPRegen 1.06/turn                k - +6 ring of strength
MPRegen 0.11/turn                (no ring)

@: no status effects
A: no striking features
a: no special abilities


You were on level 5 of the Dungeon.
You visited 1 branch of the dungeon, and saw 5 of its levels.

You collected 156 gold pieces.

Inventory:

Hand Weapons
 a - a +0 shortbow (weapon)
Armour
 c - a +0 leather armour (worn)
 f - a +0 pair of gloves (worn)
Jewellery
 d - a ring of fire
 j - an amulet of regeneration (around neck)
 k - a +6 ring of strength (left hand)
 m - the ring of the Saviour {Fire rPois rCorr Int+8 Stlth-}
   (You found it on level 2 of the Dungeon)

   [ring of fire]

   It enhances your fire magic.
   Int:       It affects your intelligence (+8).
   rF:        It protects you from fire.
   rC:        It makes you vulnerable to cold.
   rPois:     It protects you from poison.
   rCorr:     It protects you from acid and corrosion.
   Stlth:     It makes you less stealthy.
Scrolls
 b - a scroll of immolation
 g - 2 scrolls of teleportation {unknown}
 h - a scroll of identify {unknown}
 p - a scroll of vulnerability {unknown}
 q - a scroll of blinking {unknown}
Potions
 e - a potion of berserk rage {unknown}
 l - 2 potions of curing {unknown}
 n - a potion of might
 o - a potion of flight {unknown}


   Skills:
 + Level 2.9 Fighting
 * Level 7.8 Ranged Weapons
 + Level 4.3 Dodging
 + Level 4.0 Stealth


You had 5 spell levels left.
You didn't know any spells.
Your spell library contained the following spells:

 Spells                   Type           Power      Damage    Failure   Level
 Cigotuvi's Dreadful Rot  Necr/Pois/Air  0%         N/A       50%         2
 Ensorcelled Hibernation  Hex/Ice        0%         N/A       50%         2
 Passwall                 Tmut/Erth      0%         N/A       50%         2
 Poisonous Vapours        Pois/Air       0%         N/A       50%         2
 Mephitic Cloud           Conj/Pois/Air  0%         N/A       73%         3
 Ozocubu's Armour         Ice            0%         N/A       73%         3
 Swiftness                Air            0%         N/A       73%         3
 Ozocubu's Refrigeration  Ice            0%         4d7       100%        7


Dungeon Overview and Level Annotations

Branches:
Dungeon (5/15)
 Temple: D:4-7

Altars:
Kikubaaqudgha

Annotations:
D:3 1 runed translucent door, Crazy Yiuf
D:4 Edmund
D:5 Grinder


Message History

The arrow hits Grinder but does no damage.
Grinder is heavily wounded.
Grinder closely misses you. Grinder hits you.
You writhe in agony.
You shoot an arrow. The arrow hits Grinder.
Grinder is heavily wounded.
Grinder gestures at you. Pain shoots through your body!
You shoot an arrow. The arrow hits Grinder.
Grinder is heavily wounded.
Grinder hits you.
You writhe in agony.
You are too injured to fight recklessly!
You are too injured to fight recklessly!
You are too injured to fight recklessly!
You are too injured to fight recklessly!
You are too injured to fight recklessly!
You are too injured to fight recklessly!
You are too injured to fight recklessly!
You are too injured to fight recklessly!
You are too injured to fight recklessly!
You are too injured to fight recklessly!
You are too injured to fight recklessly!
You are too injured to fight recklessly!
You are too injured to fight recklessly!
You are too injured to fight recklessly!
Unknown command.
Fire: a) +0 shortbow
Press: ? - help, Q - select action Shift-Dir - straight line, f/p - Grinder
Aim: Grinder (heavily wounded, 63% to hit)
You shoot an arrow. The arrow hits Grinder!
Grinder is severely wounded.
Grinder says, "There's only one good use for a tongue: cutting it out."
Grinder hits you.
You writhe in agony.
* * * LOW HITPOINT WARNING * * *
Fire: a) +0 shortbow
Press: ? - help, Q - select action Shift-Dir - straight line, f/p - Grinder
Aim: Grinder (severely wounded, 63% to hit)
You shoot an arrow. The arrow barely misses Grinder.
Grinder gestures at you. Pain shoots through your body!
You die...

#.# ####.##.#
#.####.##.##.#
#.#...#...##.#
#.#..###.....#
#.#.#.#.#.#######
#...##.##........
#######.#.#####.#######
........#.#####.#
#######.#....@..##
#.####5#.#.## #.#
#.#....# #.# #/###.##
#.# #. #.# #.# #. #.#
####.# #. #.# #....# #.
#.. #. #.#### #.^


You could see Grinder.

Vanquished Creatures
  An ogre (D:4)
  An orc priest (D:4)
  Terence (D:3)
  2 iguanas
  3 orc wizards
  6 adders
  A worm (D:3)
  A dart slug (D:1)
  12 orcs
  5 ball pythons
  8 endoplasms
  3 giant cockroaches
  6 goblins
  6 hobgoblins
  4 kobolds
  A quokka (D:3)
  10 bats
  4 frilled lizards
  6 rats
81 creatures vanquished.

Vanquished Creatures (others)
  5 plants
5 creatures vanquished.

Grand Total: 86 creatures vanquished

Notes
Turn   | Place    | Note
-------+----------+-------------------------------------------
     0 | D:1      | Mitcholas the Deep Elf Hunter began the quest for the Orb.
     0 | D:1      | Reached XP level 1. HP: 12/12 MP: 3/3
    60 | D:1      | Found a faded altar of an unknown god.
   225 | D:1      | Reached XP level 2. HP: 17/17 MP: 4/4
   859 | D:2      | Reached XP level 3. HP: 19/21 MP: 5/5
  1024 | D:2      | Reached skill level 6 in Ranged Weapons
  1036 | D:2      | Identified the ring of the Saviour {Fire rPois rCorr Int+8
                  | Stlth-}
  1525 | D:3      | Reached XP level 4. HP: 26/26 MP: 6/6
  1624 | D:3      | Found the +6 shillelagh "Devastator" {shatter}
  1718 | D:3      | Noticed Terence
  1735 | D:3      | Killed Terence
  1739 | D:3      | Reached XP level 5. HP: 22/31 MP: 7/7
  1950 | D:3      | Found a runed translucent door.
  1951 | D:3      | Noticed Crazy Yiuf
  2097 | D:3      | Reached skill level 7 in Ranged Weapons
  2463 | D:4      | Reached XP level 6. HP: 18/36 MP: 8/8
  2510 | D:4      | Found an ancient bone altar of Kikubaaqudgha.
  2691 | D:4      | Noticed Edmund
  2696 | D:5      | Entered Level 5 of the Dungeon
  2784 | D:5      | Noticed Grinder
  2796 | D:5      | Killed from afar by Grinder

Illustrated notes

Levels and vault maps discovered:
D:1:      sevenhm_arrival_forest_fort_small_3, layout_loops_ring,
          ebering_ecumenical_altar_hall, grunt_decor_mini_mirrors,
          corexii_hall_statues_l, serial_bayou_ford_a, minmay_pentomino_v2
D:2:      layout_loops_ring
D:3:      layout_loops_cross, minmay_misc_feat_rows, serial_bayou_pond_b,
          uniq_terence, uniq_crazy_yiuf_cottage
D:4:      layout_basic, nicolae_kikubaaqudgha_miasma_corner,
          hangedman_decor_diamond_cutter, uniq_edmund
D:5:      layout_loops_ring, minmay_holes, st_stairs_11, minmay_misc_feat_tiny,
          chequers_garden, uniq_grinder, uniq_pikel

Skill      XL: |  1  2  3  4  5  6 |
---------------+-------------------+-----
Stealth        | 2 3 4 |  4.0
Ranged Weapons | 6 7 |  7.8
Dodging        | 3 4 |  4.3
Fighting       | 2 |  2.9

Action                   |  1- 3 |  4- 6 || total
-------------------------+-------+-------++-------
Melee: Shortbow          |       |     1 ||     1
 Fire: Shortbow          |   107 |   135 ||   242
  Use: Potion            |       |     4 ||     4
Armor: Leather armour    |    18 |    18 ||    36
Dodge: Dodged            |    34 |    58 ||    92

Table legend: (Time is in decaauts)
 A = Elapsed time spent in this place.
 B = Non-inter-level travel time spent in this place.
 C = Inter-level travel time spent in this place.
 D = Time resting spent in this place.
 E = Time spent auto-exploring this place.
 F = Levels seen in this place.
 G = Mean time per level.
                   A        B        C        D        E       F      G
               +--------+--------+--------+--------+--------+-----+--------+
         Total |   2857 |   2626 |    231 |     17 |   2096 |   5 |  571.4 |
       Dungeon |   2857 |   2626 |    231 |     17 |   2096 |   5 |  571.4 |
               +--------+--------+--------+--------+--------+-----+--------+

Top non-repeatable levels by time:
     D:3: 830 daAuts
     D:1: 828 daAuts
     D:2: 746 daAuts
     D:4: 349 daAuts
     D:5: 102 daAuts
